 Dungeon Crawl Stone Soup version 0.28.0-47-ge53b351184 (webtiles) character file.

Game seed: 9243211397456744072

322412 Kenran the Warrior (level 21, -16/147 HPs)
             Began as a Gargoyle Fighter on May 1, 2022.
             Was a High Priest of Uskayaw.
             Killed from afar by a hell knight (33 damage)
             ... with a bolt of fire
             ... led by Margery
             ... on level 4 of the Vaults.
             The game lasted 02:11:54 (54586 turns).

Kenran the Warrior (Gargoyle Fighter)              Turns: 54586, Time: 02:11:55

Health: -16/147    AC: 41    Str: 28      XL:     21   Next: 55%
Magic:  33/33      EV: 10    Int: 15 (16) God:    Uskayaw [*****.]
Gold:   3013       SH: 21    Dex: 13      Spells: 20/20 levels left

rFire   . . .      SeeInvis .     - Unarmed
rCold   + . .      Faith    .   e - +2 tower shield
rNeg    + . .      Spirit   .   J - +2 chain mail {rC+}
rPois   ∞          Reflect  .   s - +1 helmet
rElec   +          Harm     .   z - +0 cloak of Boredom {Int+4}
rCorr   .          Rampage  .   o - +2 pair of gloves {Str+3}
Will    ++...                   d - +0 pair of boots
Stlth   ..........              n - amulet of Pitaed {Regen+ Str+3}
HPRegen 1.14/turn               r - +4 ring of slaying
MPRegen 0.23/turn               R - ring of willpower

@: marked, flying, hasted, very quick
A: sickness immunity, AC +16, big wings, negative energy resistance 1,
electricity resistance, torment resistance 1, petrification resistance, clumsy
1, subdued magic 1, devolution 2
}: 2/15 runes: serpentine, barnacled
a: Renounce Religion, Stomp, Line Pass, Grand Finale


You were on level 4 of the Vaults.
You worshipped Uskayaw.
Uskayaw was most pleased with you.
You visited 7 branches of the dungeon, and saw 36 of its levels.
You visited the Abyss 1 time.
You also visited: Volcano.

You collected 3877 gold pieces.
You spent 864 gold pieces at shops.

Inventory:

Missiles
 k - 3 silver javelins (quivered)
 q - 18 throwing nets
 G - 9 atropa-tipped darts
 M - 3 curare-tipped darts
 Q - a boomerang of dispersal
 Y - 3 silver boomerangs
Armour
 d - a +0 pair of boots (worn)
 e - a +2 tower shield (worn)
 o - a +2 pair of gloves of strength (worn)
 s - a +1 helmet (worn)
 z - the +0 cloak of Boredom (worn) {Int+4}
   (You found it on level 2 of the Vaults)

   Int:       It affects your intelligence (+4).
 J - a +2 chain mail of cold resistance (worn)
Jewellery
 b - a ring of protection from cold
 n - the amulet of Pitaed (around neck) {Regen+ Str+3}
   (You acquired it on level 2 of the Orcish Mines)

   [amulet of regeneration]

   Str:       It affects your strength (+3).
   Regen:     It increases your rate of health regeneration.
 r - a +4 ring of slaying (left hand)
 R - a ring of willpower (right hand)
Wands
 g - a wand of digging (5)
 l - a wand of mindburst (10)
 E - a wand of flame (24)
 F - a wand of acid (5)
 N - a wand of polymorph (7)
 P - a wand of paralysis (8)
 S - a wand of charming (17)
 W - a wand of iceblast (38)
Scrolls
 h - a scroll of fog
 j - 8 scrolls of immolation {!r}
 p - 3 scrolls of teleportation
 u - 10 scrolls of magic mapping
 w - a scroll of fear
 A - 2 scrolls of amnesia
 B - 3 scrolls of blinking
 C - a scroll of holy word
 D - 2 scrolls of brand weapon
 O - 3 scrolls of enchant weapon
 T - 4 scrolls of enchant armour
 Z - a scroll of silence
Potions
 a - 5 potions of flight
 c - 4 potions of might
 f - 2 potions of haste
 i - 11 potions of ambrosia
 m - 9 potions of curing {@q1}
 v - 4 potions of attraction {!q}
 H - 2 potions of cancellation {unknown}
 I - 3 potions of magic
 K - a potion of invisibility
 L - 4 potions of brilliance
 V - 2 potions of resistance
 X - 2 potions of heal wounds {@q2}
Miscellaneous
 t - a phantom mirror
 y - a box of beasts (inert)
 U - a condenser vane (inert)


   Skills:
 + Level 20.7 Fighting
 + Level 16.0 Armour
 - Level 8.0 Dodging
 - Level 16.0 Shields
 - Level 20.0 Unarmed Combat
 + Level 16.1 Invocations
 - Level 7.0 Evocations


You had 20 spell levels left.
You didn't know any spells.
Your spell library contained the following spells:

 Spells                   Type           Power      Damage    Failure   Level
 Beastly Appendage        Tmut           0%         N/A       95%         1
 Foxfire                  Conj/Fire      0%         2x1d4     95%         1
 Slow                     Hex            0%         N/A       95%         1
 Corpse Rot               Necr/Air       0%         N/A       99%         2
 Poisonous Vapours        Pois/Air       0%         N/A       99%         2
 Wereblood                Tmut           0%         N/A       99%         2
 Confusing Touch          Hex            0%         N/A       100%        3
 Conjure Flame            Conj/Fire      0%         6-21      100%        3
 Dazzling Flash           Conj/Hex       0%         N/A       100%        3
 Frozen Ramparts          Ice            0%         1d2       100%        3
 Gell's Gravitas          Tloc           0%         N/A       100%        3
 Ignite Poison            Fire/Tmut/Pois 0%         N/A       100%        3
 Inner Flame              Hex/Fire       0%         N/A       100%        3
 Lesser Beckoning         Tloc           0%         N/A       100%        3
 Mephitic Cloud           Conj/Pois/Air  0%         N/A       100%        3
 Spider Form              Tmut/Pois      0%         N/A       100%        3
 Teleport Other           Tloc           0%         N/A       100%        3
 Tukima's Dance           Hex            0%         N/A       100%        3
 Vampiric Draining        Necr           0%         2d6       100%        3
 Anguish                  Hex/Necr       0%         N/A       100%        4
 Flame Wave               Conj/Fire      0%         2d4       100%        4
 Ice Form                 Ice/Tmut       0%         N/A       100%        4
 Petrify                  Tmut/Erth      0%         N/A       100%        4
 Summon Ice Beast         Ice/Summ       0%         N/A       100%        4
 Agony                    Necr           0%         N/A       100%        5
 Blade Hands              Tmut           0%         N/A       100%        5
 Fireball                 Conj/Fire      0%         3d3       100%        5
 Freezing Cloud           Conj/Ice/Air   0%         6-21      100%        5
 Irradiate                Conj/Tmut      0%         3d14      100%        5
 Metabolic Englaciation   Hex/Ice        0%         N/A       100%        5
 Silence                  Hex/Air        0%         N/A       100%        5
 Yara's Violent Unravell  Hex/Tmut       0%         3d3       100%        5
 Starburst                Conj/Fire      0%         6d3       100%        6
 Dragon Form              Tmut           0%         N/A       100%        7
 Enfeeble                 Hex            0%         N/A       100%        7
 Ignition                 Fire           0%         3d3       100%        8
 Statue Form              Tmut/Erth      Unusable   N/A       N/A         6

Dungeon Overview and Level Annotations

Branches:
Dungeon (15/15)            Temple (1/1) D:5            Lair (6/6) D:11
 Shoals (4/4) Lair:2        Snake (4/4) Lair:4        Slime (0/5) Lair:5
    Orc (2/2) D:12            Elf (0/3) Orc:2        Vaults (4/5) D:13
  Crypt (0/3) Vaults:2     Depths (0/4) D:15        Volcano (visited)

Altars:
Ashenzari
Cheibriados
Dithmenos
Elyvilon
Fedhas
Gozag
Hepliaklqana
Kikubaaqudgha
Makhleb
Nemelex Xobeh
Okawaru
Qazlal
Ru
Sif Muna
Trog
Uskayaw
Vehumet
Wu Jian
Xom
Yredelemnul
Zin
The Shining One
Beogh
Jiyva

Shops:
D:5 **   D:6 !   D:9 (   D:14 (   Orc:2 [:*?

Portals:
Pandemonium: Orc:2

Annotations:
D:7 exclusion: downstairs
D:9 exclusion: 2 downstairs
D:10 exclusion: downstairs
Lair:2 exclusion: downstairs
Lair:3 exclusion: oklob plant
Shoals:2 Roxanne
Shoals:4 Mara


Innate Abilities, Weirdness & Mutations

You are immune to sickness and miasma.
Your stone body is resilient. (AC +16)
You are immune to poison.
Your large and strong wings let you fly.
You resist negative energy. (rN+)
You are resistant to electric shocks. (rElec)
You are resistant to unholy torment.
You are immune to petrification.
You are clumsy. (Dex -2)
Your spells are a little easier to cast, but a little less powerful.
You have terrible hidden genetic defects.


Message History

You block the ironbound thunderhulk's attack.
You pummel the ironbound thunderhulk!!
The ironbound thunderhulk is severely wounded.
You block the hell knight's attack. The hell knight closely misses you.
You closely miss the ironbound thunderhulk.
The ironbound thunderhulk is severely wounded.
The hell knight mumbles some strange words.
The hell knight blinks!
You block the hell knight's attack.
Strange energies crackle from the ironbound thunderhulk's apparatus.
The ironbound thunderhulk blinks!
The hell knight hits you with a +0 great sword.
The hell knight hits you but does no damage.
Strange energies crackle from the ironbound thunderhulk's apparatus.
The ironbound thunderhulk blinks!
Uskayaw links your audience in an emotional bond!
There is an open door, spattered with blood here.
The hell knight's soul is no longer bound.
You pummel the ironbound thunderhulk!!
You kill the ironbound thunderhulk!
You block the hell knight's attack.
You barely miss the hell knight.
The hell knight is lightly wounded.
The hell knight misses you.
You pulverise the hell knight!!!
The hell knight is almost dead.
The hell knight hits you but does no damage.
You can now merge with and destroy a victim.
You barely miss the hell knight.
The hell knight is almost dead.
The hell knight gestures at you while chanting.
The bolt of fire hits you!!
* * * LOW HITPOINT WARNING * * *
You block the hell knight's attack.
The vault sentinel blows a loud note on a signal horn!
You closely miss the hell knight.
The hell knight is almost dead.
The hell knight closely misses you. You block the hell knight's attack.
The hell knight points at you and mumbles some strange words.
The bolt of fire hits you!!
You die...

#)).# #..# ##...## #..+
#..p..# #..#
##....p###..########.
#.......##............
#..#.#.Z##............
#...#.#.)pp............
#####.#####.p..........
### #p@.........
###)###### #.......#
#.......# #.......#
#.......# #....>..#
#.......# #.......#


You could see 4 hell knights, a vault sentinel (catching breath) and Margery the
human simulacrum.

Vanquished Creatures
  An ancient lich (Abyss:3)
  Margery (Vaults:4)
  A profane servitor (Abyss:3)
  A Hell Sentinel (Abyss:3)
  2 quicksilver dragons
  2 tentacled starspawn (Abyss:3)
  3 sphinxes
  A tengu reaver (Vaults:4)
  4 krakens (Shoals:1)
  2 orc warlords
  2 nagarajas (Snake:4)
  Aizul (Snake:3)
  13 vault wardens
  A cacodemon (Abyss:3)
  A war gargoyle (Vaults:1)
  A reaper (Abyss:3)
  The ghost of glosham the Eclecticist, a journeyman DjCA of Ignis (Orc:2)
  A stone giant (Vaults:1)
  8 ironbound thunderhulks
  16 ironbound preservers
  6 very ugly things
  An entropy weaver (Vaults:2)
  12 dire elephants
  4 merfolk javelineers
  A crystal guardian (Vaults:1)
  A deep elf death mage (Vaults:2)
  9 merfolk impalers
  6 yaktaur captains
  3 great orbs of eyes
  3 boulder beetles
  A peacekeeper (Vaults:1)
  3 rakshasas
  14 vault guards
  3 salamander tyrants (Snake:4)
  3 catoblepae
  12 hydras
  10 centaur warriors
  9 naga warriors
  18 merfolk aquamancers
  An anaconda (shapeshifter) (Vaults:1)
  A demonspawn (Orc:2)
  12 anacondas
  6 ironbound frosthearts
  7 two-headed ogres
  A death knight (D:13)
  6 alligator snapping turtles
  5 merfolk avatars
  4 satyrs
  8 orc high priests (Orc:2)
  5 tengu warriors
  5 thrashing horrors (Abyss:3)
  5 death yaks
  10 naga sharpshooters
  6 shock serpents
  Sonja (D:10)
  A skeletal warrior (D:13)
  2 spatial maelstroms (Abyss:3)
  Nergalle (Lair:4)
  3 salamander mystics
  4 wretched stars (Abyss:3)
  4 sixfirhies
  7 sea snakes
  A glowing orange brain (Abyss:3)
  10 naga ritualists
  36 deep trolls
  12 wizards
  20 harpies
  9 ironbound convokers
  A harpy (shapeshifter) (D:15)
  19 lindwurms
  6 mana vipers
  A phantasmal warrior (Vaults:2)
  A deep elf pyromancer (D:14)
  5 large abominations (Abyss:3)
  17 orc knights
  An iron giant skeleton (Abyss:3)
  3 necromancers
  5 orc sorcerers
  22 fauns
  3 wolf spiders
  4 cyclopes
  30 ugly things
  A manticore (shapeshifter) (D:15)
  8 elephants
  12 salamanders
  18 manticores
  9 merfolk sirens
  3 worldbinders (Abyss:3)
  An iron dragon skeleton (Abyss:3)
  14 vault sentinels
  2 rust devils (Orc:2)
  45 black mambas
  6 guardian serpents
  6 water nymphs
  Joseph (D:7)
  A centaur zombie (D:11)
  11 cane toads
  3 gargoyles
  15 naga magi
  3 torpor snails
  An orange demon (Abyss:3)
  A cane toad (shapeshifter) (D:15)
  3 smoke demons (Abyss:3)
  6 rime drakes
  17 yaktaurs
  An unseen horror (D:11)
  4 komodo dragons
  An efreet (Abyss:3)
  A hellwing (Orc:2)
  A komodo dragon (shapeshifter) (D:15)
  A hellion (Abyss:3)
  A tengu conjurer (D:15)
  3 freezing wraiths
  2 ice devils (Lair:5)
  2 ancient zymes (Abyss:3)
  3 trolls
  5 meliai
  16 polar bears
  A queen bee (Lair:2)
  6 raiju
  A queen bee (shapeshifter) (D:13)
  3 wind drakes
  47 merfolk
  4 blink frogs (Lair:6)
  A hornet (D:11)
  31 slime creatures
  17 snapping turtles
  12 dream sheep
  An air elemental (Abyss:3)
  A centaur simulacrum (D:15)
  2 ynoxinuls (Abyss:3)
  18 water elementals
  2 shadows
  A vampire (D:12)
  7 wraiths
  4 wyverns
  55 yaks
  4 fire bats
  Grum (D:5)
  2 chaos spawn (Abyss:3)
  A redback (Vaults:3)
  2 neqoxecs (Abyss:3)
  A basilisk (Lair:6)
  2 golden eyes (Abyss:3)
  11 vampire mosquitoes
  8 wargs
  2 spatial vortices (Abyss:3)
  34 nagas
  A swamp worm (shapeshifter) (D:15)
  2 acid dragons (D:13)
  16 water moccasins
  15 hell hounds (Lair:6)
  36 orc warriors
  14 black bears
  A sky beast (D:7)
  A swamp drake (D:12)
  A hornet zombie (D:6)
  2 necrophages
  9 ogres
  A boggart (Vaults:1)
  20 centaurs
  23 wolves
  A phantom (D:5)
  3 kobold brigands
  3 small abominations (Abyss:3)
  4 gnoll sergeants
  8 bullfrogs
  3 scorpions
  2 spectral wargs (Orc:2)
  A water moccasin zombie (D:5)
  2 spectral ogres (Orc:2)
  28 killer bees
  2 orc simulacra (Orc:2)
  8 wights
  12 howler monkeys
  2 lava snakes (Volcano)
  3 jellies
  21 orc priests
  9 hounds
  5 gnoll shamans
  A bullfrog skeleton (D:6)
  21 orc wizards
  2 iguanas (D:4)
  2 spectral orcs (Orc:2)
  A hell rat (Lair:6)
  A spriggan simulacrum (Lair:5)
  A troll simulacrum (Lair:5)
  2 hound skeletons
  A howler monkey zombie (D:8)
  44 gnolls
  5 adders
  A naga simulacrum (Lair:5)
  An ogre simulacrum (Orc:2)
  3 white imps
  3 ufetubi
  An adder skeleton (D:4)
  A worm (D:4)
  3 dart slugs
  70 orcs
  5 ball pythons
  3 bat zombies (D:8)
  7 endoplasms
  6 giant cockroaches
  9 goblins
  5 hobgoblins
  7 jackals
  5 quokkas
  4 bats
  15 kobolds
  4 rats
  2 rat zombies (D:8)
  A lurking horror (Abyss:3)
  A starspawn tentacle (Abyss:3)
  16 tentacles (Shoals:1)
1516 creatures vanquished.

Vanquished Creatures (collateral kills)
  A very ugly thing (Abyss:3)
  A meliai (D:15)
2 creatures vanquished.

Vanquished Creatures (others)
  A faun (Shoals:1)
  A fire bat (Abyss:3)
  A butterfly (D:15)
  35 fungi
  201 plants
  10 starspawn tentacles (Abyss:3)
  44 tentacles (Shoals:1)
  3 toadstools (D:9)
296 creatures vanquished.

Grand Total: 1814 creatures vanquished

Notes
Turn   | Place    | Note
-------+----------+-------------------------------------------
     0 | D:1      | Kenran the Gargoyle Fighter began the quest for the Orb.
     0 | D:1      | Reached XP level 1. HP: 14/14 MP: 1/1
    98 | D:1      | Reached XP level 2. HP: 19/19 MP: 2/2
   274 | D:1      | Reached XP level 3. HP: 15/23 MP: 3/3
   449 | D:1      | Found a faded altar of an unknown god.
   769 | D:1      | You fall into a shaft and drop 1 floor!
  1048 | D:2      | Reached XP level 4. HP: 28/28 MP: 4/4
  1690 | D:3      | Found a basalt altar of Yredelemnul.
  2208 | D:3      | Found a white marble altar of Elyvilon.
  2715 | D:4      | Reached XP level 5. HP: 33/33 MP: 5/5
  2728 | D:4      | Reached skill level 5 in Unarmed Combat
  2811 | D:3      | Reached XP level 6. HP: 37/38 MP: 6/6
  3487 | D:4      | Reached XP level 7. HP: 27/44 MP: 7/7
  3662 | D:4      | Found a shadowy altar of Dithmenos.
  3789 | D:4      | Reached skill level 5 in Fighting
  4033 | D:5      | Entered Level 5 of the Dungeon
  4903 | D:4      | Reached XP level 8. HP: 36/49 MP: 8/8
  5711 | D:5      | Found Agehis's General Store.
  5725 | D:5      | Found an opulent altar of Gozag.
  5794 | D:5      | Reached XP level 9. HP: 42/55 MP: 9/9
  5837 | D:5      | Reached skill level 10 in Unarmed Combat
  5846 | D:5      | Found Quothon's Assorted Antiques.
  5863 | D:5      | Bought a scroll labelled HINKIJ NEIDOCI for 33 gold pieces
  5863 | D:5      | Bought a scroll labelled WIYLYR AT NIBB for 33 gold pieces
  5863 | D:5      | Bought a scroll labelled LAAMIO WIAG for 33 gold pieces
  5942 | D:5      | Noticed Grum
  5950 | D:5      | Killed Grum
  6072 | D:5      | Found a shimmering blue altar of Sif Muna.
  6092 | D:5      | Found a staircase to the Ecumenical Temple.
  6102 | Temple   | Entered the Ecumenical Temple
  6312 | Temple   | Became a worshipper of Uskayaw the Reveller
  6324 | D:5      | Found a glowing silver altar of Zin.
  6416 | D:5      | Reached * piety under Uskayaw
  6430 | D:5      | Reached skill level 5 in Armour
  6515 | D:5      | Reached ** piety under Uskayaw
  6642 | D:5      | Reached *** piety under Uskayaw
  7073 | D:6      | Found Ekkoon's Distillery.
  7079 | D:6      | Noticed a komodo dragon
  7207 | D:6      | Reached skill level 1 in Invocations
  7271 | D:6      | Reached **** piety under Uskayaw
  7368 | D:6      | Reached skill level 1 in Dodging
  7472 | D:6      | Bought a potion of haste for 120 gold pieces
  7472 | D:6      | Bought a potion of curing for 36 gold pieces
  8414 | D:7      | Reached XP level 10. HP: 57/64 MP: 11/11
  8548 | D:7      | Reached skill level 5 in Shields
  8622 | D:7      | Noticed Joseph
  8624 | D:7      | Reached ***** piety under Uskayaw
  9029 | D:7      | Killed Joseph
 10159 | D:8      | Noticed a two-headed ogre
 10461 | D:8      | Found an ancient bone altar of Kikubaaqudgha.
 10774 | D:8      | Killed a two-headed ogre
 10775 | D:8      | Reached XP level 11. HP: 68/68 MP: 14/14
 11497 | D:9      | Found Rurokhlu's Weapon Shoppe.
 11828 | D:10     | Entered Level 10 of the Dungeon
 11908 | D:10     | Reached skill level 5 in Invocations
 11908 | D:10     | Found a bloodstained altar of Trog.
 11966 | D:10     | Noticed a two-headed ogre
 12285 | D:10     | Noticed Sonja
 12296 | D:10     | Killed Sonja
 12784 | D:11     | Noticed a green ugly thing
 12793 | D:11     | Noticed a two-headed ogre
 12801 | D:10     | Killed a green ugly thing
 12892 | D:11     | Noticed a two-headed ogre
 13453 | D:11     | Killed a two-headed ogre
 13454 | D:11     | Reached skill level 10 in Fighting
 13601 | D:11     | Found a staircase to the Lair.
 13639 | D:11     | Noticed a manticore
 13654 | D:11     | Killed a manticore
 13671 | D:11     | Noticed a five-headed hydra
 13677 | Lair:1   | Entered Level 1 of the Lair of Beasts
 14292 | Lair:1   | Reached XP level 12. HP: 51/78 MP: 16/16
 14313 | Lair:1   | Reached ****** piety under Uskayaw
 14576 | Lair:1   | Reached skill level 1 in Evocations
 15886 | Lair:2   | Found a staircase to the Shoals.
 16099 | Lair:2   | Found a dark tunnel.
 16115 | Volcano  | Entered a volcano
 17674 | Lair:3   | Noticed an eight-headed hydra
 17891 | Lair:4   | Noticed Nergalle
 17902 | Lair:4   | Killed Nergalle
 17960 | Lair:4   | Found a staircase to the Snake Pit.
 18125 | Lair:4   | Noticed a five-headed hydra
 18136 | Lair:4   | Killed a five-headed hydra
 18137 | Lair:4   | Reached XP level 13. HP: 72/86 MP: 17/17
 19634 | Lair:5   | Found a staircase to the Slime Pits.
 19635 | Lair:5   | Found a viscous altar of Jiyva.
 20718 | Lair:6   | Entered Level 6 of the Lair of Beasts
 21118 | Lair:6   | Reached skill level 10 in Armour
 21228 | Lair:6   | Reached skill level 15 in Unarmed Combat
 21668 | Lair:6   | Gained mutation: Your large and strong wings let you fly.
                  | [Gargoyle growth]
 21668 | Lair:6   | Reached XP level 14. HP: 25/94 MP: 20/20
 22956 | Lair:6   | Reached skill level 10 in Invocations
 24541 | D:11     | Reached skill level 5 in Dodging
 26025 | D:10     | Found a bloodstained altar of Trog.
 27075 | D:9      | Found Rurokhlu's Weapon Shoppe.
 27885 | D:8      | Found an ancient bone altar of Kikubaaqudgha.
 28369 | D:12     | Reached skill level 15 in Fighting
 28693 | D:12     | Reached XP level 15. HP: 103/103 MP: 23/23
 28956 | D:12     | Found a staircase to the Orcish Mines.
 29820 | D:5      | Bought a glowing iron ring for 165 gold pieces
 29820 | D:5      | Bought a scroll of identify for 66 gold pieces
 30174 | Orc:1    | Entered Level 1 of the Orcish Mines
 30548 | Orc:2    | Entered Level 2 of the Orcish Mines
 30627 | Orc:2    | Found a staircase to the Elven Halls.
 31130 | Orc:2    | Found a runed translucent gate.
 31130 | Orc:2    | Found a runed translucent gate.
 31132 | Orc:2    | Found a runed translucent gate.
 31133 | Orc:2    | Noticed glosham's ghost (journeyman DjCA)
 31221 | Orc:2    | Found Zewon's Magic Scroll Emporium.
 31483 | Orc:2    | Found Seasiaff's General Store.
 31515 | Orc:2    | HP: 5/103 [sixfirhy (3)]
 32876 | Orc:2    | Bought a scroll of identify for 24 gold pieces
 32876 | Orc:2    | Bought a scroll of identify for 24 gold pieces
 32876 | Orc:2    | Bought a scroll of enchant armour for 90 gold pieces
 32876 | Orc:2    | Identified a scroll of acquirement
 32877 | Orc:2    | Acquired the amulet of Pitaed {Regen+ Str+3}
 33143 | Orc:2    | Reached skill level 5 in Evocations
 33174 | Orc:2    | Found Coklokhu's Book Boutique.
 33174 | Orc:2    | Found Xuvyats's Antique Armour Shop.
 33176 | Orc:2    | Found a one-way gate leading to the halls of Pandemonium.
 33180 | Orc:2    | Bought a pair of glowing gloves for 240 gold pieces
 33428 | Orc:2    | Killed glosham's ghost
 33662 | D:13     | Found a gate to the Vaults.
 34660 | D:14     | Found Tiudi's Weapon Boutique.
 34764 | D:14     | Reached XP level 16. HP: 108/108 MP: 25/25
 35422 | D:15     | Entered Level 15 of the Dungeon
 35658 | D:15     | Found a radiant altar of Vehumet.
 35998 | D:15     | Found a white marble altar of Elyvilon.
 36077 | D:15     | Reached skill level 10 in Shields
 36564 | D:15     | Found a staircase to the Depths.
 36865 | Snake:1  | Entered Level 1 of the Snake Pit
 38556 | Snake:2  | Reached XP level 17. HP: 113/113 MP: 27/27
 39523 | Snake:3  | Noticed Aizul
 39535 | Snake:3  | Killed Aizul
 40478 | Snake:4  | Entered Level 4 of the Snake Pit
 40750 | Snake:4  | HP: 5/115 [constriction (2)]
 41051 | Snake:4  | Noticed a quicksilver dragon
 41091 | Snake:3  | Killed a quicksilver dragon
 41367 | Snake:4  | Got a serpentine rune of Zot
 41511 | Snake:4  | Noticed a quicksilver dragon
 41521 | Snake:4  | Killed a quicksilver dragon
 41746 | Snake:4  | Found a radiant altar of Vehumet.
 41988 | Lair:3   | Reached XP level 18. HP: 110/122 MP: 29/29
 42135 | Shoals:1 | Entered Level 1 of the Shoals
 43195 | Shoals:1 | Found a runed translucent door.
 43271 | Shoals:1 | Reached skill level 15 in Invocations
 43875 | Shoals:1 | Identified the amulet "Imufux" {Reflect rPois rC- Str+8
                  | Int-2 SH+5}
 44745 | Shoals:2 | Identified Roxanne's Tome of Clay
 44745 | Shoals:2 | Noticed Roxanne
 46253 | Shoals:3 | Reached XP level 19. HP: 128/128 MP: 30/30
 46347 | Shoals:4 | Entered Level 4 of the Shoals
 46590 | Shoals:4 | Noticed Mara
 46968 | Shoals:4 | Noticed Kenran's illusion
 47252 | Shoals:4 | Got a barnacled rune of Zot
 47996 | Vaults:1 | Entered Level 1 of the Vaults
 49461 | Vaults:1 | Identified the +2 mace of Rusuchak {holy, rElec Dex+4}
 49477 | Vaults:1 | Reached XP level 20. HP: 130/137 MP: 31/31
 49946 | Vaults:1 | Reached skill level 15 in Armour
 49946 | Vaults:1 | Reached skill level 15 in Shields
 51339 | Vaults:2 | Found a staircase to the Crypt.
 51551 | Vaults:2 | Identified the +0 cloak of Boredom {Int+4}
 51951 | Vaults:2 | Reached XP level 21. HP: 134/146 MP: 32/32
 53768 | Vaults:4 | Cast into level 3 of the Abyss (a wizard)
 53819 | Abyss:3  | Gained mutation: You have hidden genetic defects. [a
                  | neqoxec]
 54062 | Abyss:3  | Gained mutation: You are clumsy. (Dex -2) [a cacodemon]
 54064 | Abyss:3  | Gained mutation: Your spells are a little easier to cast,
                  | but a little less powerful. [a cacodemon]
 54065 | Abyss:3  | Gained mutation: You have terrible hidden genetic defects.
                  | [a cacodemon]
 54241 | Abyss:3  | Noticed a profane servitor
 54269 | Abyss:3  | Killed a profane servitor
 54396 | Abyss:3  | Noticed an ancient lich
 54423 | Abyss:3  | Killed an ancient lich
 54425 | Vaults:4 | Escaped the Abyss
 54540 | Vaults:4 | Noticed Margery
 54566 | Vaults:4 | Killed Margery
 54586 | Vaults:4 | Killed from afar by a hell knight

Illustrated notes

Levels and vault maps discovered:
D:1:      lemuel_arrival_muddy, layout_basic, ebering_ecumenical_altar_mist
D:2:      layout_rooms
D:3:      layout_basic, kennysheep_ying_yang, grunt_ministairs_7
D:4:      layout_gridville, grunt_dithmenos_smoke, serial_bayou_pond_e,
          st_stairs_7, minmay_misc_feat_square, minmay_fractal_squares_5
D:5:      layout_cave_pools, lemuel_blue_sif_altar, marbit_many_paths,
          zin_academy, minmay_temple_entry_glassed_door, serial_gnoll_camp,
          grums_kennel, gnoll_camp_mini_hut, gnoll_camp_mini_shop,
          gnoll_camp_mini_shop, gnoll_camp_huts_moat
D:6:      layout_loops_ring, serial_shops, shop_statue, serial_bayou_pond_a
D:7:      layout_cave_pods, uniq_joseph
D:8:      layout_loops_ring, lemuel_zombie_altar_kikubaaqudgha
D:9:      layout_basic, serial_shops, shop_coins, minmay_gold_behind_fungi,
          kennysheep_pointless_box
D:10:     layout_basic, trog_ov_bears_minmay, kennysheep_flooded_box,
          billiards_dpeg, uniq_sonja
D:11:     layout_grid_maze, grunt_lair_entry_orc_guard_hut, onia_ninara_cookie
D:12:     layout_long_grid, erik_orc_1, minivault_25_ag
D:13:     layout_irregular_city, skrybe_vaults_entry_preservation
D:14:     minmay_weird_star, layout_basic, serial_bayou_shore_b, serial_shops,
          nicolae_shop_bloodbath_and_beyond
D:15:     gammafunk_enter_depths_forms, layout_loops_corners,
          nicolae_vehumet_radiance, nicolae_elyvilon_peaceful_grove
Temple:   eino_narrow_crystal_temple
Lair:1:   layout_cave_pods, lemuel_fruit_tree, grunt_megastairs_2,
          infiniplex_staircase_pool_2
Lair:2:   layout_roguey [special_room_bee], elwin_shoals_entry_stream,
          nicolae_volcano_entry_hallway
Lair:3:   layout_chaotic_city
Lair:4:   layout_long_grid, minmay_snake_entry_guardpost_small,
          nzn_sisyphean_effort, uniq_nergalle
Lair:5:   dreamdust_isle_of_ice, layout_layer_cave, slime_altar_1
Lair:6:   hangedman_lair_caniforms_friends, layout_small_grid,
          hangedman_lair_in_review
Shoals:1: nicolae_shoals_lighthouse, layout_shoals,
          nicolae_shoals_aquamancer_cove
Shoals:2: layout_shoals, uniq_roxanne
Shoals:3: layout_shoals
Shoals:4: shoals_end_grunt_garden, layout_shoals, uniq_mara
Snake:1:  layout_misc_corridors
Snake:2:  layout_onion_interference, special_room,
          nicolae_snake_slithery_corners
Snake:3:  layout_layer_cave, grunt_megastairs_1, uniq_aizul
Snake:4:  hellmonk_snake_rune_quicksilver_temple, layout_basic, basic_altar
Orc:1:    layout_caves
Orc:2:    pf_orc_diabolical, layout_diamond_mine, gammafunk_ghost_necromancy,
          bh_open_orc_temple
Vaults:1: ontoclasm_vaults_twist, nicolae_vaults_inception_network, v_misc_15,
          vaults_dpeg_ring, nicolae_vaults_arrows, v_misc_27, serial_ice_m,
          v_misc_27, nicolae_vaults_what_the_h, v_pattern_4, v_misc_24,
          vaults_room_grunt_arrival_ludios, ontoclasm_vaults_misaligned,
          hangedman_vaults_corner_blocks, v_misc_16, layout_vaults_maze_bifur
Vaults:2: ontoclasm_vaults_ring_large, ontoclasm_vaults_ring_small,
          minmay_crypt_entry_simple_corners, v_misc_18,
          nicolae_vaults_yaktaur_gun_rack, ontoclasm_vaults_bender,
          nicolae_vaults_disjoint_gnomons, v_rooms_1, grunt_vaults_funnel,
          hangedman_vaults_trim, v_misc_25, special_room_vaults
          [special_room_orc], layout_vaults_omnicross
Vaults:3: vaults_dpeg_hooks, v_misc_9, vaults_dpeg_encased_lava, v_misc_19,
          vaults_dpeg_spiral, nicolae_vaults_little_squares_5, v_misc_2,
          vaults_room_grid, nicolae_vaults_alarming, layout_vaults_omnigrid
Vaults:4: v_misc_9, nicolae_vaults_network_s, nicolae_vaults_rhombus_7,
          grunt_vaults_trifunnel, v_misc_27,
          vaults_standard_mumra_enter_the_diamond, ontoclasm_vaults_gateway,
          nicolae_vaults_little_squares_5, hangedman_vaults_slice,
          layout_vaults_big_room, uniq_xtahua, uniq_margery

Skill      XL: |  1  2  3  4  5  6  7  8  9 10 11 12 13 14 15 16 17 18 19 20 21 |
---------------+----------------------------------------------------------------+-----
Unarmed Combat | 3 4 5 6 7 9 10 12 13 14 15 16 18 19 20 | 20.0
Fighting       | 4 5 6 8 10 12 13 15 16 17 18 20 | 20.7
Armour         | 4 5 8 10 11 12 13 14 15 16 | 16.0
Shields        | 4 5 6 7 8 10 12 13 14 15 16 | 16.0
Invocations    | 2 4 6 8 11 12 13 14 15 16 | 16.1
Dodging        | 1 2 3 4 5 7 8 |  8.0
Evocations     | 3 5 6 7 |  7.0

Action                   |  1- 3 |  4- 6 |  7- 9 | 10-12 | 13-15 | 16-18 | 19-21 || total
-------------------------+-------+-------+-------+-------+-------+-------+-------++-------
Melee: Unarmed           |   104 |   169 |   363 |   614 |  1336 |  1627 |  1634 ||  5847
Throw: Dart              |       |       |       |     5 |     1 |       |       ||     6
       Throwing net      |       |       |       |     1 |       |       |       ||     1
       Boomerang         |       |       |       |       |     1 |       |       ||     1
Invok: Grand Finale      |       |       |       |       |     1 |     1 |     2 ||     4
       Stomp             |       |       |       |       |     3 |     3 |     1 ||     7
Evoke: Wand              |       |       |       |    18 |    10 |     1 |       ||    29
       Condenser vane    |       |       |       |       |     2 |       |     2 ||     4
       Box of beasts     |       |       |       |       |       |       |     1 ||     1
  Use: Potion            |     1 |       |     2 |     6 |     4 |     6 |     3 ||    22
       Scroll            |       |     3 |     3 |     4 |    14 |    15 |     4 ||    43
 Stab: Paralysed         |       |       |    10 |    38 |   105 |   133 |   184 ||   470
       Distracted        |       |       |       |       |     1 |       |       ||     1
       Petrified         |       |       |       |       |     5 |       |       ||     5
       Confused          |       |       |       |       |     1 |       |       ||     1
Armor: Scale mail        |    48 |    86 |   102 |       |       |       |       ||   236
       Plate armour      |       |       |   136 |   402 |   911 |   998 |   452 ||  2899
       Chain mail        |       |       |       |       |       |       |   225 ||   225
Dodge: Dodged            |    39 |    64 |   129 |   151 |   395 |   487 |   337 ||  1602
Block: Buckler           |    10 |    35 |    83 |   120 |   283 |       |       ||   531
       Kite shield       |       |       |       |       |    34 |  1090 |   493 ||  1617
       Tower shield      |       |       |       |       |       |       |   590 ||   590
